 Dungeon Crawl Stone Soup version 0.28-a0-1199-gef9e1dbd39 (webtiles) character file.

Game seed: 12587983019087261297

186693 porpoise the Eclecticist (level 17, -1/100 HPs)
             Began as a Deep Elf Conjurer on Dec 19, 2021.
             Was a High Priest of Vehumet.
             Killed from afar by a deep elf elementalist (33 damage)
             ... with a fireball
             ... on level 3 of the Elven Halls on Dec 20, 2021.
             The game lasted 03:55:27 (47611 turns).

porpoise the Eclecticist (Deep Elf Conjurer)       Turns: 47611, Time: 03:55:28

Health: -1/100     AC:  9    Str: 11    XL:     17   Next: 85%
Magic:  23/46      EV: 15    Int: 29    God:    Vehumet [*****.]
Gold:   1923       SH:  7    Dex: 13    Spells: 4/52 levels left

rFire   . . .      SeeInvis +   a - staff of poison
rCold   + + .      Faith    .   H - +2 buckler
rNeg    . . .      Spirit   .   n - +2 robe {Will+}
rPois   +          Reflect  .   z - +2 helmet {SInv}
rElec   .          Harm     .   S - scarf {+Inv}
rCorr   +          Rampage  .   e - +1 pair of gloves {Str+3}
Will    ++...                   (no boots)
Stlth   +++++.....              m - amulet "Sogelul" {RegenMP +Inv rC++ rCorr Int-2}
HPRegen 0.26/turn               G - ring of fire
MPRegen 0.70/turn               K - ring "Zaxkolal" {Ice rPois MP+9 Int+3}

@: no status effects
A: low mp 1
a: Renounce Religion, Evoke Invisibility


You were on level 3 of the Elven Halls.
You worshipped Vehumet.
Vehumet was extremely pleased with you.
You visited 5 branches of the dungeon, and saw 27 of its levels.
You also visited: Sewer and Ice Cave.

You collected 3620 gold pieces.
You spent 1697 gold pieces at shops.

Inventory:

Hand Weapons
 w - a +2 hunting sling of freezing
Missiles
 f - 157 sling bullets
 s - 347 arrows
 y - 13 poisoned darts
 N - 3 datura-tipped darts
 O - 4 curare-tipped darts
 V - 6 javelins
 Y - 47 bolts
Armour
 e - a +1 pair of gloves of strength (worn)
 n - a +2 robe of willpower (worn)
 r - a +2 robe of resistance
 z - a +2 helmet of see invisible (worn)
 H - a +2 buckler (worn)
 S - a scarf of invisibility (worn)
Magical Staves
 a - a staff of poison (weapon)
 b - a staff of earth
Jewellery
 k - a ring of flight
 m - the amulet "Sogelul" (around neck) {RegenMP +Inv rC++ rCorr Int-2}
   (You found it in an ice cave)

   [amulet of magic regeneration]

   It increases your rate of magic regeneration.
   Int:       It affects your intelligence (-2).
   rC:        It greatly protects you from cold.
   +Inv:      It lets you turn invisible.
   rCorr:     It protects you from acid and corrosion.
 q - a ring of poison resistance
 u - a ring of willpower
 G - a ring of fire (left hand)
 J - a +4 ring of evasion
 K - the ring "Zaxkolal" (right hand) {Ice rPois MP+9 Int+3}
   (You found it on level 10 of the Dungeon)

   [ring of ice]

   It enhances your ice magic.
   Int:       It affects your intelligence (+3).
   rF:        It makes you vulnerable to fire.
   rC:        It protects you from cold.
   rPois:     It protects you from poison.
   MP:        It affects your magic capacity (+9).
 L - a ring of fire
 P - an amulet of regeneration
Wands
 c - a wand of polymorph (17)
 o - a wand of mindburst (1)
 C - a wand of acid (2)
 E - a wand of iceblast (32)
 I - a wand of digging (12)
 Q - a wand of paralysis (15)
 U - a wand of flame (43)
Scrolls
 d - 5 scrolls of identify
 g - 6 scrolls of teleportation
 j - 3 scrolls of blinking
 x - 3 scrolls of fear
 D - a scroll of torment
 M - a scroll of magic mapping
 R - a scroll of holy word
 W - 3 scrolls of fog
Potions
 h - 8 potions of ambrosia
 i - 6 potions of curing
 l - 2 potions of invisibility
 t - 4 potions of resistance
 A - 8 potions of heal wounds
 B - 2 potions of lignification
 T - a potion of might
 X - 3 potions of haste
 Z - 2 potions of cancellation
Miscellaneous
 p - a phantom mirror
 v - a condenser vane
 F - a phial of floods


   Skills:
 - Level 9.0 Fighting
 - Level 7.0 Dodging
 - Level 12.0 Stealth
 - Level 5.0 Shields
 - Level 18.0 Spellcasting
 + Level 13.5 Conjurations
 - Level 14.0 Hexes
 - Level 7.0 Translocations
 + Level 8.3 Transmutations
 - Level 12.0 Fire Magic
 - Level 12.0 Earth Magic
 - Level 7.0 Poison Magic
 - Level 9.0 Evocations


You had 4 spell levels left.
You knew the following spells:

 Your Spells              Type           Power      Damage    Failure   Level
b - Searing Ray           Conj           100%       2d8       0%          2
c - Fulminant Prism       Conj/Hex       41%        3d20      1%          4
d - Iskenderun's Mystic   Conj/Tloc      72%        2d15      1%          4
e - Iron Shot             Conj/Erth      39%        9d8       1%          6
f - Fireball              Conj/Fire      50%        3d20      1%          5
i - Ignite Poison         Fire/Tmut/Pois 100%       N/A       1%          3
o - Orb of Destruction    Conj           40%        9d14      1%          7
p - Olgreb's Toxic Radia  Pois           79%        N/A       1%          4
r - Irradiate             Conj/Tmut      37%        3d26      1%          5
s - Stone Arrow           Conj/Erth      100%       3d13      1%          3
y - Yara's Violent Unrav  Hex/Tmut       37%        3d15      1%          5

Your spell library contained the following spells:

 Spells                   Type           Power      Damage    Failure   Level
 Spellforged Servitor     Conj/Summ      30%        N/A       22%         7
 Magic Dart               Conj           100%       1d8       0%          1
 Scorch                   Fire           100%       2d10      0%          2
 Dazzling Flash           Conj/Hex       100%       N/A       0%          3
 Animate Skeleton         Necr           52%        N/A       1%          1
 Apportation              Tloc           100%       N/A       1%          1
 Sting                    Tmut/Pois      100%       1d8       1%          1
 Summon Small Mammal      Summ           100%       N/A       1%          1
 Poisonous Vapours        Pois/Air       100%       N/A       1%          2
 Static Discharge         Conj/Air       60%        N/A       1%          2
 Wereblood                Tmut           65%        N/A       1%          2
 Conjure Flame            Conj/Fire      100%       6-21      1%          3
 Gell's Gravitas          Tloc           61%        N/A       1%          3
 Lesser Beckoning         Tloc           61%        N/A       1%          3
 Portal Projectile        Hex/Tloc       100%       N/A       1%          3
 Summon Guardian Golem    Hex/Summ       61%        N/A       1%          3
 Teleport Other           Tloc           61%        N/A       1%          3
 Animate Armour           Summ/Erth      100%       N/A       1%          4
 Cause Fear               Hex            41%        N/A       1%          4
 Leda's Liquefaction      Hex/Erth       39%        N/A       1%          4
 Petrify                  Tmut/Erth      71%        N/A       1%          4
 Sticky Flame             Conj/Fire      100%       2d11      1%          4
 Call Imp                 Summ           26%        N/A       2%          2
 Call Canine Familiar     Summ           26%        N/A       4%          3
 Animate Dead             Necr           13%        N/A       16%         4
 Dispel Undead            Necr           26%        3d13      16%         4
 Blade Hands              Tmut           32%        N/A       1%          5
 Iskenderun's Battlesphe  Conj           81%        2d13      1%          5
 Lee's Rapid Deconstruct  Erth           38%        3d20*     1%          5
 Metabolic Englaciation   Hex/Ice        39%        N/A       2%          5
 Borgnjor's Vile Clutch   Necr/Erth      28%        N/A       3%          5
 Eringya's Noxious Bog    Tmut/Pois      41%        N/A       3%          6
 Statue Form              Tmut/Erth      47%        N/A       3%          6
 Conjure Ball Lightning   Conj/Air       30%        3x3d10    4%          6
 Lehudib's Crystal Spear  Conj/Erth      39%        10d10     16%         8
 Ignition                 Fire           48%        3d14      21%         8
 Excruciating Wounds      Necr           13%        N/A       41%         5
 Dragon Form              Tmut           32%        N/A       41%         7
 Death Channel            Necr           13%        N/A       94%         6
 Ozocubu's Refrigeration  Ice            19%        4d8       96%         7
 Dragon's Call            Summ           13%        N/A       100%        9


Dungeon Overview and Level Annotations

Branches:
Dungeon (15/15)            Temple (1/1) D:6            Lair (6/6) D:11
  Swamp (0/4) Lair:2        Snake (0/4) Lair:3        Slime (0/5) Lair:6
    Orc (2/2) D:12            Elf (3/3) Orc:2        Vaults (0/5) D:14
 Depths (0/4) D:15          Sewer (visited)           IceCv (visited)

Altars:
Ashenzari
Cheibriados
Dithmenos
Elyvilon
Fedhas
Gozag
Hepliaklqana
Kikubaaqudgha
Makhleb
Nemelex Xobeh
Okawaru
Qazlal
Ru
Sif Muna
Trog
Uskayaw
Vehumet
Wu Jian
Xom
Yredelemnul
Zin
The Shining One
Jiyva

Shops:
D:9 :   D:13 [   Orc:1 *   Orc:2 ([=[*

Portals:
Trove: Elf:2 (give +2 gold dragon scales)

Annotations:
D:14 exclusion: 4 doors
Lair:5 2 transporters, pokeman's ghost, journeyman DEWz
Orc:1 1 runed translucent door, Lenoorr's ghost, journeyman DDFi
Orc:2 1 runed translucent door, tinescath's ghost, journeyman TeAE
Elf:1 6 runed translucent doors -dragons


Innate Abilities, Weirdness & Mutations

Your magical capacity is low. (-10% MP)


Message History

You feel your power returning.
You hear a splash.
The fireball engulfs the deep elf death mage!!
You kill the deep elf death mage!
Vehumet accepts your kill.
You feel your power returning.
You hear a splash. x2
There is an open door here.
The deep elf elementalist gestures at you while chanting.
Some walls begin to move on their own!
Casting: Fireball (safe; 1% risk of failure)
Confirm with . or Enter, or press ? or * to list all spells.
Aiming: Stone Arrow (safe; 1% risk of failure)
Press: ? - help, Shift-Dir - straight line, f - deep elf elementalist
Aim: a deep elf elementalist, wielding a +0 short sword and wearing a +0 ring mail (severely wounded, fast, repelling missiles, 46% to hit)
The stone arrow hits the deep elf elementalist!!
The deep elf elementalist is almost dead.
The deep elf elementalist casts a spell next to you.
Some walls begin to move on their own!
Unknown command.
Casting: Stone Arrow (safe; 1% risk of failure)
Confirm with . or Enter, or press ? or * to list all spells.
Aiming: Iron Shot (mildly dangerous; 1% risk of failure)
Press: ? - help, Shift-Dir - straight line, f/p - deep elf elementalist
Aim: a deep elf elementalist, wielding a +0 short sword and wearing a +0 ring mail (almost dead, fast, repelling missiles, 43% to hit)
The iron shot misses the deep elf elementalist.
The deep elf elementalist gestures next to the earth elemental while chanting.
Some walls begin to move on their own!
The earth elemental hits you. The earth elemental hits you!
Casting: Iron Shot (mildly dangerous; 1% risk of failure)
Confirm with . or Enter, or press ? or * to list all spells.
Aiming: Iron Shot (mildly dangerous; 1% risk of failure)
Press: ? - help, Shift-Dir - straight line, f/p - deep elf elementalist
Aim: a deep elf elementalist, wielding a +0 short sword and wearing a +0 ring mail (almost dead, fast, repelling missiles, 43% to hit)
The iron shot hits the earth elemental!!
The earth elemental is severely damaged.
A deep elf sorcerer comes into view. It is wielding a +0 long sword.
The deep elf elementalist gestures at you while chanting.
The fireball explodes!
The fireball engulfs you!!
You die...

≈≈≈≈≈≈≈≈≈≈≈≈≈≈≈≈≈≈≈≈≈≈≈≈≈≈≈#
≈≈≈≈≈≈≈≈≈≈≈≈≈≈≈≈≈≈≈≈≈≈≈≈≈≈≈#
############################
...........................#
..........................^#
###'########'##'##########'#
..#...........#............#
..'...........#.EE.........#
..#...........E.@..........#
############..eEE..#########
#≈≈###### #e§# #§§# #§e#
#..# #..# #..#


You could see a deep elf sorcerer, a deep elf elementalist (fast, repels
missiles) and 5 earth elementals.

Vanquished Creatures
  A golden dragon (IceCv)
  A deep elf blademaster (Elf:2)
  Roxanne (D:14)
  6 deep elf sorcerers
  Aizul (Elf:2)
  A very ugly thing (D:15)
  4 deep elf demonologists
  A dire elephant (Lair:6)
  2 deep elf annihilators
  The ghost of leviel the Severer, a journeyman HOFi of the Shining One (D:13)
  2 deep elf death magi (Elf:3)
  Snorg (Lair:6)
  Harold (Orc:1)
  2 deep elf high priests
  A great orb of eyes (D:15)
  13 hydras
  5 ice dragons (IceCv)
  A merfolk avatar (Lair:6)
  4 centaur warriors
  5 two-headed ogres
  3 boulder beetles
  27 dancing weapons
  2 tengu warriors
  Urug (D:12)
  12 death yaks
  4 orc high priests
  24 deep elf knights
  Nergalle (D:10)
  A sea snake (Lair:6)
  4 spriggan simulacra (D:14)
  4 orc knights
  An orange crystal statue (IceCv)
  A necromancer (Lair:6)
  10 deep elf archers
  47 deep elf pyromancers
  25 deep elf zephyrmancers
  An orb spider (shapeshifter) (D:14)
  21 ugly things
  A will-o-the-wisp (Lair:2)
  4 orc sorcerers
  4 manticores
  6 cyclopes
  5 black mambas
  12 elephants
  11 cane toads
  A torpor snail (shapeshifter) (Elf:1)
  6 storm dragon simulacra (IceCv)
  4 gargoyles
  Maggie (D:8)
  3 rime drakes (Lair:6)
  An entropy weaver simulacrum (D:14)
  8 komodo dragons
  3 kobold demonologists (D:11)
  5 golden dragon simulacra (IceCv)
  2 efreet
  3 tengu conjurers
  A yaktaur (D:15)
  A queen bee (Lair:3)
  2 freezing wraiths
  3 meliai (D:13)
  4 polar bears
  19 slime creatures
  8 trolls
  3 snapping turtles (Lair:6)
  Prince Ribbit (Lair:1)
  14 blink frogs
  An air elemental (Elf:1)
  A shadow (D:11)
  A dire elephant simulacrum (D:14)
  4 water elementals
  3 wraiths
  4 basilisks
  6 fire bats (Lair:2)
  6 wyverns
  48 yaks
  5 fire elementals
  Grum (D:8)
  6 vampire mosquitoes
  A steam dragon (D:6)
  5 neqoxecs (D:13)
  A minotaur simulacrum (D:14)
  2 nagas (Lair:3)
  An acid dragon (D:10)
  35 water moccasins
  A floating eye (shapeshifter) (D:15)
  2 ice beasts
  2 black bears
  A hornet zombie (D:7)
  41 orc warriors
  2 sky beasts (D:7)
  An alligator simulacrum (D:14)
  7 necrophages
  10 ogres
  6 ice dragon simulacra (IceCv)
  20 wolves
  21 centaurs
  A phantom (D:5)
  5 kobold brigands
  2 gnoll sergeants
  9 bullfrogs
  An earth elemental (Elf:1)
  4 scorpions
  30 killer bees
  4 lindwurm simulacra (IceCv)
  A wight (D:7)
  2 howler monkeys
  7 electric eels
  A lava snake (Lair:2)
  3 centaur zombies
  3 quasits (D:13)
  3 hounds (D:11)
  8 orc priests
  A bullfrog skeleton (D:6)
  8 gnoll shamans
  3 iguanas
  22 orc wizards
  2 polar bear simulacra (Lair:6)
  2 wolf simulacra (Lair:6)
  3 yak simulacra (Lair:6)
  A killer bee zombie (D:8)
  A hound skeleton (D:5)
  Robin (D:4)
  A howler monkey zombie (D:7)
  28 gnolls
  27 adders
  A white imp (D:6)
  2 ufetubi
  An adder zombie (D:5)
  An adder skeleton (D:4)
  A worm (D:5)
  A dart slug (D:1)
  94 orcs
  5 bats
  4 endoplasms
  11 giant cockroaches
  9 hobgoblins
  7 jackals (D:3)
  8 quokkas
  5 ball pythons
  6 frilled lizards (Sewer)
  9 goblins
  8 kobolds
  4 rats
  4 river rat simulacra (Lair:6)
989 creatures vanquished.

Vanquished Creatures (others)
  A shadow (D:13)
  2 foxfires (Lair:2)
  181 fulminant prisms
  50 fungi
  88 plants
  4 withered plants (D:7)
326 creatures vanquished.

Grand Total: 1315 creatures vanquished

Notes
Turn   | Place    | Note
-------+----------+-------------------------------------------
     0 | D:1      | porpoise the Deep Elf Conjurer began the quest for the Orb.
     0 | D:1      | Reached XP level 1. HP: 10/10 MP: 6/6
   343 | D:1      | Reached XP level 2. HP: 15/15 MP: 3/8
   389 | D:1      | Learned a level 2 spell: Searing Ray
   971 | D:1      | Found a faded altar of an unknown god.
  1219 | D:2      | Reached skill level 4 in Spellcasting
  1422 | D:2      | Reached skill level 5 in Conjurations
  1422 | D:2      | Reached XP level 3. HP: 19/19 MP: 5/10
  2101 | D:3      | Reached XP level 4. HP: 24/24 MP: 2/12
  2657 | D:3      | Reached skill level 5 in Spellcasting
  2983 | D:3      | Learned a level 4 spell: Fulminant Prism
  2988 | D:3      | Learned a level 4 spell: Iskenderun's Mystic Blast
  3636 | D:4      | Noticed an ogre
  3804 | D:4      | Noticed Robin
  3833 | D:4      | Reached skill level 1 in Hexes
  3836 | D:4      | Killed Robin
  3837 | D:4      | Reached XP level 5. HP: 28/28 MP: 1/14
  4462 | D:4      | Killed an ogre
  4593 | D:4      | Found an ancient bone altar of Kikubaaqudgha.
  4726 | D:4      | Reached skill level 6 in Spellcasting
  4908 | D:5      | Entered Level 5 of the Dungeon
  4935 | D:5      | Reached XP level 6. HP: 32/32 MP: 11/17
  5185 | D:5      | Found a glowing drain.
  5189 | Sewer    | Entered a sewer
  6250 | D:5      | Reached skill level 7 in Spellcasting
  6250 | D:5      | Reached XP level 7. HP: 28/36 MP: 8/19
  6424 | D:5      | Reached skill level 5 in Hexes
  6424 | D:5      | Reached skill level 1 in Translocations
  7282 | D:6      | Reached skill level 5 in Stealth
  7463 | D:6      | Reached XP level 8. HP: 39/41 MP: 10/20
  8424 | D:6      | Found a staircase to the Ecumenical Temple.
  8433 | Temple   | Entered the Ecumenical Temple
  8632 | Temple   | Became a worshipper of Vehumet
  9041 | D:7      | Reached skill level 5 in Translocations
  9454 | D:7      | Reached skill level 8 in Spellcasting
  9553 | D:7      | Reached XP level 9. HP: 34/46 MP: 16/23
  9558 | D:7      | Reached skill level 1 in Fighting
  9925 | D:7      | Reached skill level 9 in Spellcasting
  9927 | D:7      | Reached * piety under Vehumet
  9927 | D:7      | Offered knowledge of Freeze by Vehumet.
 10011 | D:7      | Identified the +4 plate armour of Polish {+Inv rF+ Regen+}
 10737 | D:7      | Reached skill level 1 in Evocations
 10925 | D:8      | Noticed Grum
 10934 | D:8      | Killed Grum
 11070 | D:8      | Reached skill level 10 in Spellcasting
 11452 | D:8      | Noticed a two-headed ogre
 11459 | D:8      | Killed a two-headed ogre
 11460 | D:8      | Reached skill level 11 in Spellcasting
 11460 | D:8      | Reached XP level 10. HP: 32/58 MP: 17/27
 11670 | D:8      | Noticed Maggie
 11678 | D:8      | Killed Maggie
 12093 | D:9      | Reached skill level 5 in Fighting
 12570 | D:9      | Found Yhaituot's Book Emporium.
 12599 | D:9      | Offered knowledge of Sandblast by Vehumet.
 12599 | D:9      | Reached ** piety under Vehumet
 12600 | D:9      | Reached skill level 12 in Spellcasting
 13239 | D:9      | Reached skill level 5 in Dodging
 13244 | D:9      | Reached skill level 5 in Evocations
 13447 | D:10     | Entered Level 10 of the Dungeon
 13611 | D:10     | Noticed a centaur warrior
 13612 | D:10     | Noticed a cyclops
 13612 | D:10     | Noticed a five-headed hydra
 13612 | D:10     | Noticed a cyclops
 13621 | D:10     | Noticed a deep elf pyromancer
 13621 | D:10     | Noticed a deep elf pyromancer
 13621 | D:10     | Noticed a deep elf pyromancer
 13621 | D:10     | Noticed a manticore
 13645 | D:10     | Noticed a centaur warrior
 13704 | D:10     | Reached XP level 11. HP: 63/63 MP: 14/29
 14259 | D:10     | Noticed Nergalle
 14267 | D:10     | Killed Nergalle
 14268 | D:10     | Reached skill level 1 in Shields
 14333 | D:10     | Learned a level 3 spell: Stone Arrow
 14401 | D:10     | Reached skill level 1 in Earth Magic
 14498 | D:11     | You fall into a shaft and drop 2 floors!
 14498 | D:13     | Noticed a two-headed ogre
 14504 | D:13     | Noticed a deep elf pyromancer
 14510 | D:13     | Noticed leviel's ghost (journeyman HOFi)
 14526 | D:13     | Found Jobem's Armour Shoppe.
 14973 | D:11     | Offered knowledge of Conjure Flame by Vehumet.
 14977 | D:11     | Noticed a tengu warrior
 14983 | D:11     | Noticed a two-headed ogre
 14985 | D:11     | Reached *** piety under Vehumet
 14988 | D:11     | Killed a tengu warrior
 14993 | D:11     | Killed a two-headed ogre
 14994 | D:11     | Reached skill level 5 in Earth Magic
 15223 | D:11     | Reached skill level 5 in Shields
 15311 | D:11     | Found a staircase to the Lair.
 15429 | D:11     | Noticed a two-headed ogre
 15436 | D:11     | Killed a two-headed ogre
 15442 | D:11     | Offered knowledge of Olgreb's Toxic Radiance by Vehumet.
 15448 | D:11     | Learned a level 4 spell: Olgreb's Toxic Radiance
 15490 | D:11     | Identified a scroll of acquirement
 15492 | D:11     | Acquired a staff of earth
 16163 | D:9      | Bought an Everburning Encyclopedia for 390 gold pieces
 16167 | D:9      | Learned a level 3 spell: Ignite Poison
 16202 | Lair:1   | Entered Level 1 of the Lair of Beasts
 16202 | Lair:1   | Noticed Prince Ribbit
 16208 | Lair:1   | Killed Prince Ribbit
 16211 | Lair:1   | Noticed an eight-headed hydra
 16219 | Lair:1   | Killed an eight-headed hydra
 16220 | Lair:1   | Reached XP level 12. HP: 71/71 MP: 9/30
 16425 | Lair:1   | Reached skill level 1 in Transmutations
 16425 | Lair:1   | Reached skill level 1 in Poison Magic
 16868 | Lair:1   | Noticed an eight-headed hydra
 16874 | Lair:1   | Killed an eight-headed hydra
 17264 | Lair:1   | Reached **** piety under Vehumet
 17931 | D:12     | Reached skill level 1 in Fire Magic
 18203 | D:12     | Found a staircase to the Orcish Mines.
 18222 | D:12     | Offered knowledge of Inner Flame by Vehumet.
 18353 | D:12     | Noticed a six-headed hydra
 18359 | D:12     | Killed a six-headed hydra
 18430 | D:12     | Reached skill level 5 in Transmutations
 18840 | D:12     | Reached skill level 5 in Poison Magic
 18976 | D:12     | Noticed Urug
 18992 | D:12     | Killed Urug
 20125 | Orc:1    | Entered Level 1 of the Orcish Mines
 20139 | Orc:1    | Noticed Harold
 20281 | Orc:1    | Killed Harold
 20443 | Orc:1    | Reached ***** piety under Vehumet
 20444 | Orc:1    | Reached skill level 5 in Fire Magic
 20559 | Orc:1    | Found a runed translucent door.
 20564 | Orc:1    | Noticed Lenoorr's ghost (journeyman DDFi)
 20573 | Orc:1    | Offered knowledge of Yara's Violent Unravelling by Vehumet.
 20581 | Orc:1    | Learned a level 5 spell: Yara's Violent Unravelling
 20807 | Orc:1    | Found Futziang's Gadget Gallery.
 20897 | Orc:2    | Entered Level 2 of the Orcish Mines
 20897 | Orc:2    | Noticed a two-headed ogre
 20900 | Orc:2    | Killed a two-headed ogre
 20903 | Orc:2    | Reached XP level 13. HP: 76/76 MP: 25/31
 21189 | D:9      | Bought a book of the Spheres for 810 gold pieces
 21195 | D:9      | Learned a level 5 spell: Fireball
 21301 | Orc:2    | Found a staircase to the Elven Halls.
 21321 | Orc:2    | Found Birghut's Weapon Shoppe.
 22788 | Orc:2    | Found a runed translucent door.
 22788 | Orc:2    | Noticed tinescath's ghost (journeyman TeAE)
 23076 | Orc:2    | Found Qeblyot's Antique Armour Emporium.
 23076 | Orc:2    | Found Bogolilock's Jewellery Boutique.
 23078 | Orc:2    | Found Axtuuxakk's Armour Shop.
 23080 | Orc:2    | Found Jiapt's General Store.
 23092 | Orc:2    | Bought a potion of heal wounds for 65 gold pieces
 23481 | Orc:2    | Bought a glowing helmet for 202 gold pieces
 23760 | Lair:2   | Offered knowledge of Irradiate by Vehumet.
 23772 | Lair:1   | Learned a level 5 spell: Irradiate
 24088 | Lair:2   | Reached skill level 13 in Spellcasting
 24837 | Lair:2   | Found a staircase to the Swamp.
 25489 | Lair:3   | Found a staircase to the Snake Pit.
 25660 | Lair:3   | Found a basalt altar of Yredelemnul.
 25949 | Lair:3   | Reached skill level 14 in Spellcasting
 26603 | Lair:4   | Identified the +1 plate armour of Broken Taboos {Dex+2}
 26650 | Lair:4   | Reached skill level 10 in Hexes
 26819 | Lair:4   | Reached XP level 14. HP: 82/82 MP: 29/34
 27370 | Lair:5   | Found an iron altar of Okawaru.
 27494 | Lair:5   | Found a transporter.
 27500 | Lair:5   | Noticed pokeman's ghost (journeyman DEWz)
 27703 | Lair:5   | Found a transporter.
 27802 | Lair:5   | Offered knowledge of Iron Shot by Vehumet.
 28654 | Lair:5   | Reached skill level 10 in Conjurations
 29805 | D:13     | Found a transporter.
 29838 | D:13     | Identified the +3 broad axe of the Queen {flame, rF- Int+3
                  | SInv}
 30157 | D:12     | Learned a level 6 spell: Iron Shot
 30172 | D:13     | Reached skill level 15 in Spellcasting
 30791 | D:13     | Found a transporter.
 30865 | D:13     | Gained mutation: Your magical capacity is low. (-10% MP)
                  | [mutagenic glow]
 30866 | D:13     | Killed leviel's ghost
 31103 | D:10     | Reached skill level 16 in Spellcasting
 31105 | D:10     | Offered knowledge of Starburst by Vehumet.
 31332 | D:10     | Identified the ring "Zaxkolal" {Ice rPois MP+9 Int+3}
 31337 | D:10     | Got Juryps's Papyrus of Calling and Transformation
 31620 | D:14     | Noticed Roxanne
 31650 | D:14     | Found a gate to the Vaults.
 31696 | D:14     | Found a frozen archway.
 32005 | IceCv    | Entered an ice cave
 32008 | IceCv    | Reached XP level 15. HP: 86/86 MP: 33/33
 33232 | IceCv    | Noticed a golden dragon
 33236 | IceCv    | Killed a golden dragon
 33650 | IceCv    | Identified the amulet "Sogelul" {RegenMP +Inv rC++ rCorr
                  | Int-2}
 33663 | IceCv    | Identified the amulet of Vehumet's Grace {RegenMP Harm
                  | rElec rF- Dex+3}
 34538 | D:14     | Reached skill level 10 in Fire Magic
 34884 | D:14     | Killed Roxanne
 35029 | D:15     | Entered Level 15 of the Dungeon
 35535 | D:15     | Found a basalt altar of Yredelemnul.
 35906 | D:15     | Got the Guide on Igneous Changing
 36390 | D:15     | Offered knowledge of Freezing Cloud by Vehumet.
 36664 | D:15     | Found a staircase to the Depths.
 37043 | Lair:1   | Acquired a +0 pair of gloves of strength
 37163 | Lair:6   | Entered Level 6 of the Lair of Beasts
 37947 | Lair:6   | Reached XP level 16. HP: 92/92 MP: 34/34
 38109 | Lair:6   | Noticed Snorg
 38115 | Lair:6   | Killed Snorg
 39056 | Lair:6   | Found a viscous altar of Jiyva.
 39056 | Lair:6   | Found a staircase to the Slime Pits.
 39198 | Lair:6   | Found the ring of the Tortoise {AC+8}
 39738 | Lair:6   | Learned a level 7 spell: Orb of Destruction
 39934 | D:13     | Bought a +2 robe of willpower for 230 gold pieces
 40148 | Elf:1    | Entered Level 1 of the Elven Halls
 40168 | Elf:1    | Reached skill level 17 in Spellcasting
 40980 | Elf:1    | Offered knowledge of Lightning Bolt by Vehumet.
 41013 | Elf:1    | Paralysed by an air elemental for 1 turns
 41015 | Elf:1    | Paralysed by an air elemental for 1 turns
 41348 | Elf:1    | Reached skill level 18 in Spellcasting
 41668 | Elf:1    | Found a runed translucent gate.
 41668 | Elf:1    | Found a runed translucent gate.
 41668 | Elf:1    | Found a runed translucent gate.
 41668 | Elf:1    | Found a runed translucent gate.
 41668 | Elf:1    | Found a runed translucent gate.
 41670 | Elf:1    | Found a runed translucent gate.
 41672 | Elf:1    | Noticed a storm dragon
 41672 | Elf:1    | Noticed a shadow dragon
 41821 | Elf:1    | Reached skill level 10 in Stealth
 43142 | Elf:2    | Reached XP level 17. HP: 100/100 MP: 34/37
 43729 | Elf:2    | Reached skill level 10 in Earth Magic
 43731 | Elf:2    | Offered knowledge of Spellforged Servitor by Vehumet.
 43826 | Elf:2    | Found a portal to a secret trove of treasure.
 43941 | Elf:2    | Found a runed translucent gate.
 43941 | Elf:2    | Found a runed translucent gate.
 43941 | Elf:2    | Found a runed translucent gate.
 44307 | Elf:2    | Noticed Aizul
 44315 | Elf:2    | Killed Aizul
 44901 | Elf:2    | Noticed a deep elf blademaster
 44905 | Elf:2    | Killed a deep elf blademaster
 45404 | Elf:3    | Entered Level 3 of the Elven Halls
 47587 | Elf:3    | Noticed a Tzitzimitl
 47611 | Elf:3    | Killed from afar by a deep elf elementalist

Illustrated notes

Levels and vault maps discovered:
D:1:      nzn_arrival_water_spiral, layout_loops_corners,
          dilly_ecumenical_altar_fadedgnrine, serial_aquarium,
          aquarium_bridge_straight [aquarium_subvault_bridge,
          aquarium_subvault_wall, aquarium_subvault_bridge,
          aquarium_subvault_balcony], aquarium_bridge_square
          [aquarium_subvault_bridge, aquarium_subvault_window,
          aquarium_subvault_bridge, aquarium_subvault_window],
          aquarium_window_2, aquarium_window_fake, aquarium_view_2c
D:2:      layout_loops_ring
D:3:      layout_basic
D:4:      layout_cave_pools, lemuel_round_altar, uniq_robin
D:5:      layout_cave_pools, gup_sewer_entry_spiral
D:6:      layout_loops_ring, lemuel_temple_firewalk_b, hex_tiny,
          chequers_serial_rivers_small_b
D:7:      layout_basic, serial_undead, serial_undead_e, serial_undead_c,
          serial_undead_b, serial_undead_a, serial_undead_a, serial_undead_e,
          minmay_increasing_density
D:8:      layout_basic, corner_web_ring, uniq_maggie, uniq_grum
D:9:      layout_loops_cross, serial_shops, shop, grunt_ogre_cave
D:10:     layout_roguey, minivault_12, uniq_nergalle
D:11:     layout_basic, erik_lair_island, centaur_isle
D:12:     kennysheep_seaside_town, layout_basic, orc_0_dummy,
          lemuel_nasty_fountain, uniq_urug
D:13:     layout_rooms, gammafunk_ghost_stat_death, serial_shops,
          nicolae_shop_hallway_plus
D:14:     layout_loops_ring, lightli_vaults_fourway_checkpoint,
          portal_ice_cave_entry_ice_simulacra, uniq_roxanne
D:15:     gammafunk_enter_depths_forms, layout_irregular_city,
          yredelemnul_altar_generic, minmay_fractal_squares_gapless_7
Temple:   mainiacjoe_temple_circle_huts
Lair:1:   layout_loops_ring, pond, uniq_prince_ribbit2
Lair:2:   layout_gridlike, minmay_swamp_entry_wisps, grunt_megastairs_3
Lair:3:   layout_concentric_octagons, minmay_snake_entry_guardpost_small,
          special_room [special_room_bee], basic_altar, beast_lair_carwin_2
Lair:4:   layout_hall_layers, infiniplex_staircase_pool_2, grunt_megastairs_5
Lair:5:   lemuel_reptile_caves, layout_small_grid,
          gammafunk_ghost_berserking_beasts, basic_altar,
          infiniplex_staircase_pool
Lair:6:   gammafunk_lair_ancient_temple, layout_hall_layers, slime_altar_1,
          eino_house_with_fridge, uniq_snorg
Orc:1:    layout_caves, ebering_ghost_reflecting_pool, serial_shops,
          nicolae_shop_gadgets, uniq_harold
Orc:2:    st_orc_rangers, layout_caves, serial_shops,
          nicolae_shop_bloodbath_and_beyond, gammafunk_ghost_grave
Elf:1:    nicolae_elf_arrival_no_cutting_in_line, layout_geoelf_octagon,
          orc_legates
Elf:2:    elven_hall_of_blades_hangedman_original
          [nicolae_blade_entry_hurt_lockers], layout_onion_city,
          nicolae_trove_entry_free_sample, uniq_aizul
Elf:3:    elf_hall_gauntlet_wide, layout_geoelf_castle

Skill      XL: |  1  2  3  4  5  6  7  8  9 10 11 12 13 14 15 16 17 |
---------------+----------------------------------------------------+-----
Spellcasting   | 4 5 6 7 8 11 12 14 16 18 | 18.0
Conjurations   | 5 7 8 9 11 12 13 | 13.5
Hexes          | 1 3 4 6 7 9 10 12 14 | 14.0
Stealth        | 3 4 5 6 7 9 11 12 | 12.0
Translocations | 3 5 6 7 |  7.0
Fighting       | 4 5 6 7 9 |  9.0
Evocations     | 3 5 6 7 9 |  9.0
Dodging        | 7 |  7.0
Shields        | 5 |  5.0
Earth Magic    | 5 9 12 | 12.0
Transmutations | 5 6 7 8 |  8.3
Poison Magic   | 6 7 |  7.0
Fire Magic     | 5 9 12 | 12.0

Action                   |  1- 3 |  4- 6 |  7- 9 | 10-12 | 13-15 | 16-18 || total
-------------------------+-------+-------+-------+-------+-------+-------++-------
Melee: Dagger            |       |     2 |       |       |       |       ||     2
       Staff             |       |       |       |       |     3 |     1 ||     4
 Fire: Hunting sling     |       |       |       |    67 |   111 |     5 ||   183
Throw: Boomerang         |       |     2 |    15 |     9 |       |       ||    26
 Cast: Magic Dart        |    33 |    27 |       |       |     2 |       ||    62
       Searing Ray       |    10 |    54 |    74 |    62 |    45 |     3 ||   248
       Fulminant Prism   |       |     2 |     8 |    71 |    82 |    18 ||   181
       Iskenderun's Myst |       |       |     2 |    20 |    57 |    20 ||    99
       Stone Arrow       |       |       |       |   100 |   231 |    65 ||   396
       Olgreb's Toxic Ra |       |       |       |    21 |    96 |    78 ||   195
       Ignite Poison     |       |       |       |    17 |   114 |   115 ||   246
       Fireball          |       |       |       |       |    30 |    16 ||    46
       Irradiate         |       |       |       |       |     8 |       ||     8
       Iron Shot         |       |       |       |       |    40 |    67 ||   107
       Yara's Violent Un |       |       |       |       |       |    10 ||    10
       Orb of Destructio |       |       |       |       |       |     5 ||     5
Evoke: Wand              |       |       |       |     7 |    12 |     2 ||    21
  Use: Scroll            |       |     7 |     4 |    14 |     7 |     5 ||    37
       Potion            |       |     3 |       |     1 |     2 |       ||     6
Armor: Robe              |     1 |    16 |     2 |     1 |    41 |     8 ||    69
       Steam dragon scal |       |       |    14 |    20 |       |       ||    34
Dodge: Dodged            |     7 |    40 |    26 |    57 |   106 |    39 ||   275
Block: Buckler           |       |       |       |     6 |    38 |    14 ||    58

Table legend: (Time is in decaauts)
 A = Elapsed time spent in this place.
 B = Non-inter-level travel time spent in this place.
 C = Inter-level travel time spent in this place.
 D = Time resting spent in this place.
 E = Time spent auto-exploring this place.
 F = Levels seen in this place.
 G = Mean time per level.
                   A        B        C        D        E       F      G
               +--------+--------+--------+--------+--------+-----+--------+
         Total |  47815 |  45200 |   2615 |  23097 |  12493 |  29 | 1648.8 |
       Dungeon |  23912 |  22254 |   1658 |  10554 |   7438 |  15 | 1594.1 |
        Temple |    319 |    296 |     23 |      0 |    267 |   1 |  319.0 |
          Lair |  10639 |   9988 |    651 |   4772 |   3064 |   6 | 1773.2 |
  Orcish Mines |   3044 |   2837 |    207 |   1360 |    603 |   2 | 1522.0 |
   Elven Halls |   7465 |   7390 |     75 |   4681 |   1079 |   3 | 2488.3 |
         Sewer |    665 |    665 |      0 |    418 |      8 |   1 |  665.0 |
      Ice Cave |   1768 |   1768 |      0 |   1311 |     33 |   1 | 1768.0 |
               +--------+--------+--------+--------+--------+-----+--------+

Top non-repeatable levels by time:
    D:12: 3339 daAuts
   Elf:1: 2772 daAuts
  Lair:5: 2562 daAuts
   Elf:2: 2482 daAuts
  Lair:6: 2292 daAuts
   Elf:3: 2210 daAuts
  Lair:1: 2181 daAuts
     D:3: 1984 daAuts
    D:11: 1953 daAuts
   Orc:2: 1818 daAuts
   IceCv: 1768 daAuts
     D:7: 1745 daAuts
    D:15: 1716 daAuts
    D:14: 1694 daAuts
     D:6: 1578 daAuts
